cohdb
Replays
Latest Replays
All Replays
Popular Replays
Top Player Replays
Match Explorer
How It Works
Community
CoH3 Stats
Reddit
Sign in to upload your games and track your stats! →
Sign in with Steam
Match 41951296
Unlisted
Match 41951296
Overview
Messages
Build Orders
End
Panzergrenadier Squad
Selects Armored Support Battlegroup
Panzergrenadier Squad
Panzergrenadier Squad
Construct Light Support Kompanie
Panzergrenadier Squad
Construct Mechanized Kompanie
2.5-tonne Medical Truck
Veteran Squad Leaders
Marder III Tank Destroyer
Assault Mechanized Group
Selects Veteran Gunners
Selects Flammpanzer III Medium Tank
Flammpanzer III Medium Tank
Marder III Tank Destroyer
Assault Mechanized Group
Selects Battlefield Salvage
Selects Command Panzer IV F Medium Tank
Flammpanzer III Medium Tank
Selects Vehicle Awareness
Selects Panzer Storm
Flammpanzer III Medium Tank
Flammpanzer III Medium Tank
Zest-God
Frontline Commander
random 35
Luxury
Tango
Turtleboy
GoonLord
ZombiesSquad
0
0
Comments
sign in to comment!
No comments posted yet!